MLB
ST. LOUIS CARDINALS @ KANSAS CITY ROYALS
05/22/2044
 
TOP OF THE 1ST
St. Louis Cardinals batting - Pitching for Kansas City Royals : RHP Bill Snyder
Pitching: RHP Bill Snyder
Batting: LHB Tommy Luce 0-0: Called Strike
0-1: Fly out, F7 (Flyball, 78S, EV 75.0 MPH)
Batting: RHB Pavpv Ivanushkin 0-0: Ball
1-0: Ball
2-0: Called Strike
2-1: Fly out, F7 (Flyball, 78D, EV 103.8 MPH)
Batting: SHB Antoine Roux 0-0: SINGLE (Groundball, 4D, EV 101.9 MPH)
Batting: LHB John Blair 0-0: Called Strike
0-1: Ball
1-1: Ball
2-1: Ground out 4-3 (Groundball, 34D, EV 88.1 MPH)
Top of the 1st over - 0 runs, 1 hit, 0 errors, 1 left on base; St. Louis 0 - Kansas City 0
BOTTOM OF THE 1ST
Kansas City Royals batting - Pitching for St. Louis Cardinals : LHP Steve Cooper
Pitching: LHP Steve Cooper
Batting: RHB Mike Jaquez 0-0: Ball
1-0: Called Strike
1-1: Ball
2-1: Foul Ball, location: 2F
2-2: Strikes out swinging
Batting: RHB Imbart Faber 0-0: Called Strike
0-1: Called Strike
0-2: Foul Ball, location: 2F
0-2: Strikes out swinging
Batting: LHB Mike Meyerhoff 0-0: Ball
1-0: Swinging Strike
1-1: Fly out, F5 (Popup, 5F, EV 65.0 MPH)
Bottom of the 1st over - 0 runs, 0 hits, 0 errors, 0 left on base; St. Louis 0 - Kansas City 0
TOP OF THE 2ND
St. Louis Cardinals batting - Pitching for Kansas City Royals : RHP Bill Snyder
Batting: LHB Ben Rubenacker 0-0: Called Strike
0-1: Ball
1-1: Ball
2-1: Fly out, F7 (Line Drive, 7, EV 100.6 MPH)
Batting: RHB Bobby Scholl 0-0: Ball
1-0: Called Strike
1-1: DOUBLE (Flyball, 8LXD, EV 96.3 MPH)
Batting: RHB Sergio Godinez 0-0: Ball
1-0: SINGLE (Groundball, 56, EV 106.3 MPH)
Bobby Scholl to third
Runner from 3rd tries for Home, SAFE, throw by LF to home
Batting: RHB Rick O'Reilly 0-0: Foul Ball, location: 2F
0-1: Fly out, F7 (Flyball, 78S, EV 89.4 MPH)
Batting: RHB Dustin Clark 0-0: Called Strike
0-1: Called Strike
0-2: DOUBLE (Line Drive, 78D, EV 106.3 MPH)
Sergio Godinez to third
Runner from 3rd tries for Home, SAFE, no throw by LF
Batting: LHB Tommy Luce 0-0: Called Strike
0-1: Fly out, F6 (Popup, 6M, EV 60.6 MPH)
Top of the 2nd over - 2 runs, 3 hits, 0 errors, 1 left on base; St. Louis 2 - Kansas City 0
BOTTOM OF THE 2ND
Kansas City Royals batting - Pitching for St. Louis Cardinals : LHP Steve Cooper
Batting: SHB Tony Prado 0-0: Ball
1-0: Ball
2-0: Ball
3-0: Called Strike
3-1: Swinging Strike
3-2: Foul Ball, location: 2F
3-2: Foul Ball, location: 2F
3-2: Foul Ball, location: 2F
3-2: Foul Ball, location: 2F
3-2: Base on Balls
Batting: RHB Adriaan Pieters 0-0: Ball
1-0: Called Strike
1-1: Called Strike
1-2: DOUBLE (Line Drive, 9LM, EV 105.0 MPH)
Tony Prado to third
Batting: SHB Gareth Busby 0-0: Ball
1-0: Ball
2-0: Ground out 5-3 (Groundball, 15, EV 81.3 MPH)
Tony Prado scores
Batting: RHB Aaron Matthews 0-0: Called Strike
0-1: Ball
1-1: Called Strike
1-2: Ball
2-2: Ball
3-2: Foul Ball, location: 2F
3-2: Foul Ball, location: 2F
3-2: Fly out, F3 (Popup, 3F, EV 66.3 MPH)
Batting: LHB Manny Estrada 0-0: Ball
1-0: Ball
2-0: Called Strike
2-1: Ball
3-1: Foul Ball, location: 2F
3-2: SINGLE (Line Drive, 3D, EV 103.1 MPH)
Adriaan Pieters to third
Batting: LHB Zion Davidson 0-0: Called Strike
0-1: Ground out 4-3 (Groundball, 4, EV 79.4 MPH)
Bottom of the 2nd over - 1 run, 2 hits, 0 errors, 2 left on base; St. Louis 2 - Kansas City 1
TOP OF THE 3RD
St. Louis Cardinals batting - Pitching for Kansas City Royals : RHP Bill Snyder
Batting: RHB Pavpv Ivanushkin 0-0: Called Strike
0-1: Ball
1-1: Ball
2-1: Ball
3-1: Base on Balls
Batting: SHB Antoine Roux 0-0: Ball
1-0: Foul Ball, location: 2F
1-1: Called Strike
1-2: Ball
2-2: SINGLE (Groundball, 56S, EV 66.3 MPH) (infield hit)
Pavpv Ivanushkin to second
Batting: LHB John Blair 0-0: Foul Ball, location: 2F
0-1: Ball
1-1: Ball
2-1: Ball
3-1: Base on Balls
Pavpv Ivanushkin to third
Antoine Roux to second
Batting: LHB Ben Rubenacker 0-0: Ball
1-0: Called Strike
1-1: Foul Ball, location: 2F
1-2: Foul Ball, location: 2F
1-2: SINGLE (Groundball, 34D, EV 111.3 MPH)
Pavpv Ivanushkin scores
Antoine Roux to third
John Blair to second
Batting: RHB Bobby Scholl 0-0: SINGLE (Line Drive, 8RS, EV 98.8 MPH)
Antoine Roux scores
John Blair to third
Ben Rubenacker to second
Runner from 3rd tries for Home, SAFE, throw by CF to home
Pitching: RHP Chris Irvin
Batting: RHB Sergio Godinez 0-0: Swinging Strike
0-1: Ball
1-1: Foul Ball, location: 2F
1-2: Foul Ball, location: 2F
1-2: Ball
2-2: Strikes out looking
Batting: RHB Rick O'Reilly 0-0: Foul Ball, location: 2F
0-1: Ball
1-1: Ball
2-1: Fly out, F8 (Flyball, 8RS, EV 82.5 MPH)
Batting: RHB Dustin Clark 0-0: Called Strike
0-1: Ball
1-1: Swinging Strike
1-2: Ground out 6-3 (Groundball, 6S, EV 74.4 MPH)
Top of the 3rd over - 3 runs, 3 hits, 0 errors, 2 left on base; St. Louis 5 - Kansas City 1
BOTTOM OF THE 3RD
Kansas City Royals batting - Pitching for St. Louis Cardinals : LHP Steve Cooper
Batting: RHB Mike Jaquez 0-0: Called Strike
0-1: Foul Ball, location: 2F
0-2: Ball
1-2: Strikes out swinging
Batting: RHB Imbart Faber 0-0: Called Strike
0-1: Foul Ball, location: 2F
0-2: Ground out 6-3 (Groundball, 56D, EV 100.6 MPH)
Batting: LHB Mike Meyerhoff 0-0: Called Strike
0-1: Called Strike
0-2: Foul Ball, location: 2F
0-2: Foul Ball, location: 2F
0-2: Strikes out swinging
Bottom of the 3rd over - 0 runs, 0 hits, 0 errors, 0 left on base; St. Louis 5 - Kansas City 1
TOP OF THE 4TH
St. Louis Cardinals batting - Pitching for Kansas City Royals : RHP Chris Irvin
Batting: LHB Tommy Luce 0-0: Ball
1-0: Ball
2-0: Called Strike
2-1: Ground out U3 (Groundball, 3, EV 90.0 MPH)
Batting: RHB Pavpv Ivanushkin 0-0: Swinging Strike
0-1: Foul Ball, location: 2F
0-2: Strikes out swinging
Batting: SHB Antoine Roux 0-0: Foul Ball, location: 2F
0-1: Ball
1-1: Foul Ball, location: 2F
1-2: Ball
2-2: Ball
3-2: SINGLE (Groundball, 34S, EV 66.3 MPH) (infield hit)
Batting: LHB John Blair 0-0: Ball
1-0: Called Strike
1-1: Ball
2-1: Swinging Strike
Pickoff Throw to First - Out! 1-3
Top of the 4th over - 0 runs, 1 hit, 0 errors, 0 left on base; St. Louis 5 - Kansas City 1
BOTTOM OF THE 4TH
Kansas City Royals batting - Pitching for St. Louis Cardinals : LHP Steve Cooper
Batting: SHB Tony Prado 0-0: Ball
1-0: Ball
2-0: Ball
3-0: Ground out 6-3 (Groundball, 6M, EV 107.5 MPH)
Batting: RHB Adriaan Pieters 0-0: Swinging Strike
0-1: Swinging Strike
0-2: Ball
1-2: Foul Ball, location: 2F
1-2: Foul Ball, location: 2F
1-2: Ball
2-2: DOUBLE (Line Drive, 7LS, EV 100.0 MPH)
Batting: SHB Gareth Busby 0-0: Called Strike
0-1: Ground out 5-3 (Groundball, 56S, EV 83.1 MPH)
Batting: RHB Aaron Matthews 0-0: Ball
1-0: Fly out, F4 (Popup, 34D, EV 54.4 MPH)
Bottom of the 4th over - 0 runs, 1 hit, 0 errors, 1 left on base; St. Louis 5 - Kansas City 1
TOP OF THE 5TH
St. Louis Cardinals batting - Pitching for Kansas City Royals : RHP Chris Irvin
Batting: LHB John Blair 0-0: Foul Ball, location: 2F
0-1: Ball
1-1: Foul Ball, location: 2F
1-2: Strikes out swinging
Batting: LHB Ben Rubenacker 0-0: Called Strike
0-1: SINGLE (Line Drive, 4D, EV 96.3 MPH)
Batting: RHB Bobby Scholl 0-0: Foul Ball, location: 2F
0-1: Ball
1-1: Grounds into double play, 4-6-3 (Groundball, 4, EV 99.4 MPH)
Top of the 5th over - 0 runs, 1 hit, 0 errors, 0 left on base; St. Louis 5 - Kansas City 1
BOTTOM OF THE 5TH
Kansas City Royals batting - Pitching for St. Louis Cardinals : LHP Steve Cooper
Batting: LHB Manny Estrada 0-0: Ball
1-0: Ball
2-0: Foul Ball, location: 2F
2-1: Called Strike
2-2: Ball
3-2: Fly out, F3 (Popup, 23F, EV 86.9 MPH)
Batting: LHB Zion Davidson 0-0: Ground out 5-3 (Groundball, 56S, EV 93.8 MPH)
Batting: RHB Mike Jaquez 0-0: Fly out, F8 (Flyball, 8RD, EV 93.1 MPH)
Bottom of the 5th over - 0 runs, 0 hits, 0 errors, 0 left on base; St. Louis 5 - Kansas City 1
TOP OF THE 6TH
St. Louis Cardinals batting - Pitching for Kansas City Royals : RHP Chris Irvin
Batting: RHB Sergio Godinez 0-0: Called Strike
0-1: Ball
1-1: Called Strike
1-2: SINGLE (Line Drive, 4MD, EV 102.5 MPH)
Pitching: RHP Tom Jensen
Batting: RHB Rick O'Reilly 0-0: Swinging Strike
0-1: Ball
1-1: Ball
2-1: Sac Bunt to 23 - play at first, batter OUT! 3-4
Sergio Godinez to second
Batting: RHB Dustin Clark 0-0: Called Strike
0-1: Ground out 4-3 (Groundball, 34, EV 108.8 MPH)
Sergio Godinez to third
Batting: LHB Tommy Luce 0-0: Called Strike
0-1: Foul Ball, location: 2F
0-2: Ground out 4-3 (Groundball, 4, EV 85.6 MPH)
Top of the 6th over - 0 runs, 1 hit, 0 errors, 1 left on base; St. Louis 5 - Kansas City 1
BOTTOM OF THE 6TH
Kansas City Royals batting - Pitching for St. Louis Cardinals : LHP Steve Cooper
Batting: RHB Imbart Faber 0-0: Ball
1-0: Ball
2-0: Called Strike
2-1: Ground out 6-3 (Groundball, 56D, EV 111.3 MPH)
Batting: LHB Mike Meyerhoff 0-0: Ball
1-0: Fly out, F9 (Flyball, 9S, EV 88.1 MPH)
Batting: SHB Tony Prado 0-0: Called Strike
0-1: Foul Ball, location: 2F
0-2: Ground out 1-3 (Groundball, 13, EV 71.9 MPH)
Bottom of the 6th over - 0 runs, 0 hits, 0 errors, 0 left on base; St. Louis 5 - Kansas City 1
TOP OF THE 7TH
St. Louis Cardinals batting - Pitching for Kansas City Royals : RHP Tom Jensen
Batting: RHB Pavpv Ivanushkin 0-0: Ball
1-0: Ball
2-0: Foul Ball, location: 2F
2-1: Ball
3-1: Swinging Strike
3-2: Foul Ball, location: 2F
3-2: Base on Balls
Batting: SHB Antoine Roux 0-0: Foul Ball, location: 2F
0-1: Ball
1-1: Called Strike
1-2: Strikes out looking
Batting: LHB John Blair 0-0: Grounds into double play, 4-6-3 (Groundball, 4D, EV 103.1 MPH)
Top of the 7th over - 0 runs, 0 hits, 0 errors, 0 left on base; St. Louis 5 - Kansas City 1
BOTTOM OF THE 7TH
Kansas City Royals batting - Pitching for St. Louis Cardinals : LHP Steve Cooper
Pitching: RHP Brent Garland
Batting: RHB Adriaan Pieters 0-0: Foul Ball, location: 2F
0-1: Ball
1-1: Foul Ball, location: 2F
1-2: Foul Ball, location: 2F
1-2: Strikes out swinging
Batting: SHB Gareth Busby 0-0: Ball
1-0: Called Strike
1-1: Foul Ball, location: 2F
1-2: SINGLE (Flyball, 8LS, EV 92.5 MPH)
Batting: RHB Aaron Matthews 0-0: Foul Ball, location: 2F
0-1: Swinging Strike
0-2: Ball
1-2: Strikes out swinging
Batting: LHB Manny Estrada 0-0: Called Strike
0-1: Swinging Strike
0-2: Strikes out swinging
Bottom of the 7th over - 0 runs, 1 hit, 0 errors, 1 left on base; St. Louis 5 - Kansas City 1
TOP OF THE 8TH
St. Louis Cardinals batting - Pitching for Kansas City Royals : RHP Tom Jensen
Batting: LHB Ben Rubenacker 0-0: Ground out 4-3 (Groundball, 4, EV 100.6 MPH)
Batting: RHB Bobby Scholl 0-0: Called Strike
0-1: Foul Ball, location: 2F
0-2: Ball
1-2: Ball
2-2: Strikes out looking
Batting: RHB Sergio Godinez 0-0: Ground out 5-3 (Groundball, 56S, EV 91.3 MPH)
Top of the 8th over - 0 runs, 0 hits, 0 errors, 0 left on base; St. Louis 5 - Kansas City 1
BOTTOM OF THE 8TH
Kansas City Royals batting - Pitching for St. Louis Cardinals : RHP Brent Garland
Pitching: RHP Guadalupe Vasguez
Batting: LHB Zion Davidson 0-0: Ball
1-0: Ball
2-0: Fly out, F9 (Flyball, 89XD, EV 97.5 MPH)
Batting: RHB Mike Jaquez 0-0: Foul Ball, location: 2F
0-1: Fly out, F9 (Line Drive, 9D, EV 90.6 MPH)
Batting: RHB Imbart Faber 0-0: Ball
1-0: SINGLE (Groundball, 6MD, EV 95.0 MPH)
Batting: LHB Mike Meyerhoff 0-0: Foul Ball, location: 2F
0-1: Foul Ball, location: 2F
0-2: Ground out 4-3 (Groundball, 4, EV 106.9 MPH)
Bottom of the 8th over - 0 runs, 1 hit, 0 errors, 1 left on base; St. Louis 5 - Kansas City 1
TOP OF THE 9TH
St. Louis Cardinals batting - Pitching for Kansas City Royals : RHP Tom Jensen
Pitching: RHP Asa Hahn
Batting: RHB Rick O'Reilly 0-0: Ball
1-0: Called Strike
1-1: Ball
2-1: Foul Ball, location: 2F
2-2: Foul Ball, location: 2F
2-2: Ball
3-2: Ground out 5-3 (Groundball, 56S, EV 86.3 MPH)
Batting: RHB Dustin Clark 0-0: Ball
1-0: Fly out, F4 (Flyball, 4MD, EV 90.0 MPH)
Batting: LHB Tommy Luce 0-0: Foul Ball, location: 2F
0-1: Ball
1-1: Ball
2-1: Ball
3-1: Swinging Strike
3-2: Foul Ball, location: 2F
3-2: Strikes out swinging
Top of the 9th over - 0 runs, 0 hits, 0 errors, 0 left on base; St. Louis 5 - Kansas City 1
BOTTOM OF THE 9TH
Kansas City Royals batting - Pitching for St. Louis Cardinals : RHP Guadalupe Vasguez
Pitching: RHP David Silva
Batting: SHB Tony Prado 0-0: Called Strike
0-1: Ball
1-1: Ground out U3 (Groundball, 34, EV 110.6 MPH)
Batting: RHB Adriaan Pieters 0-0: Ball
1-0: Ball
2-0: Ground out U3 (Groundball, 3S, EV 69.4 MPH)
Batting: SHB Gareth Busby 0-0: Ball
1-0: Swinging Strike
1-1: Swinging Strike
1-2: Foul Ball, location: 2F
1-2: Ball
2-2: Ball
3-2: Base on Balls
Batting: RHB Aaron Matthews 0-0: Ball
1-0: Ball
2-0: Ball
3-0: Called Strike
3-1: Base on Balls
Gareth Busby to second
Batting: LHB Manny Estrada 0-0: Swinging Strike
0-1: Swinging Strike
0-2: Foul Ball, location: 2F
0-2: Ball
1-2: Foul Ball, location: 2F
1-2: Ball
2-2: Strikes out swinging, 2-3 out at first.
Bottom of the 9th over - 0 runs, 0 hits, 0 errors, 2 left on base; St. Louis 5 - Kansas City 1
Thursday, March 31st , 2022 - OOTP Baseball 22.12 Build 89